Map: Acid Plant LE

Players

Mana - Winner!

  • Race: Protoss Protoss
  • Spawn Location: 11:00

Silky

  • Race: Zerg Zerg
  • Spawn Location: 5:00

Event: WCS Montreal 2018

VOD

Have the link to the VOD?

Description

Time

  • Played on: Sept. 7, 2018, 4:27 p.m.
  • Length: 9:55

All games in this series

Show
View Real Time Build Order
Export as new Build Order

Mana Protoss - Winner!

Build Orders: 1 Gate Expand, Oracle Opening, Archon Immortal 

Get SALT Encoding   

  12  0:00  Probe  
  13  0:12  Probe  
  14  0:18  Pylon  
  14  0:24  Probe  
  15  0:32  Probe  
  15  0:37  Assimilator  
  15  0:40  Probe  
  16  0:49  Gateway  
  17  0:51  Probe  
  18  0:59  Probe  
  19  1:07  Probe  
  20  1:27  Nexus  
  20  1:38  Cybernetics Core  
  20  1:41  Probe  
  21  1:48  Assimilator  
  21  1:53  Probe  
  22  1:58  Pylon  
  22  2:05  Probe  
  23  2:15  Adept  
  23  2:16  Probe  
  23  2:21  Stargate  
  26  2:24  Probe  
  27  2:31  Warp Gate  
  27  2:32  Probe  
  27  2:33  Stalker  
  28  2:41  Probe  
  28  2:44  Probe  
  32  2:53  Probe  
  32  2:54  Oracle  
  32  2:56  Probe  
  34  3:05  Probe  
  38  3:08  Probe  
  39  3:15  Adept  
  39  3:17  Probe  
  42  3:20  Probe  
  42  3:24  Gateway  
  43  3:28  Pylon  
  44  3:34  Oracle  
  46  3:46  Probe x2  
  48  3:52  Pylon  
  48  3:58  Probe x2  
  50  4:06  Assimilator x2  
  50  4:08  Robotics Facility  
  50  4:11  Probe x2  
  52  4:23  Probe x2  
  54  4:32  Oracle  
  54  4:35  Probe x2  
  59  4:39  Nexus  
  59  4:40  Adept  
  59  4:43  Pylon  
  59  4:45  Pylon  
  61  4:46  Pylon  
  61  4:47  Probe  
  62  4:56  Twilight Council, Observer  
  62  4:57  Forge  
  62  5:01  Probe x2  
  62  5:04  Adept, Sentry  
  69  5:13  Probe x2  
  71  5:15  Immortal  
  71  5:20  Protoss Ground Weapons Level 1  
  75  5:24  Charge  
  75  5:25  Probe x2  
  75  5:26  Robotics Facility  
  77  5:37  Probe  
  77  5:40  Probe  
  79  5:45  Gateway  
  79  5:49  Probe  
  80  5:50  Immortal  
  80  5:54  Zealot x2  
  88  6:06  Probe  
  88  6:07  Probe  
  88  6:08  Probe  
  89  6:17  Immortal  
  81  6:18  Probe  
  81  6:19  Probe  
  81  6:20  Probe, Zealot x2  
  81  6:21  Warp Prism  
  88  6:30  Probe  
  88  6:31  Probe  
  88  6:32  Probe  
  97  6:34  Templar Archives  
  97  6:39  Assimilator  
  97  6:40  Assimilator  
  97  6:41  Phoenix  
  97  6:43  Probe  
  100  6:51  Pylon  
  100  6:52  Pylon  
  100  7:01  Protoss Ground Weapons Level 2  
  100  7:03  Gateway  
  100  7:04  Gateway  
  100  7:08  Gateway  
  100  7:10  Gateway  
  100  7:20  High Templar x2, Probe, Zealot  
  107  7:28  Probe x2  
  109  7:32  Gateway  
  109  7:35  Gateway  
  109  7:36  Psionic Storm  
  109  7:37  Immortal  
  109  7:40  Probe  
  114  7:46  Pylon  
  114  7:47  Pylon  
  114  7:49  Pylon  
  114  7:50  Pylon, Photon Cannon  
  114  7:55  Immortal  
  114  7:59  Photon Cannon  
  114  8:01  Phoenix  
  120  8:13  High Templar x3  
  120  8:14  High Templar  
  120  8:15  Immortal  
  120  8:17  Archon x2  
  132  8:27  Nexus  
  132  8:30  Pylon  
  132  8:33  Photon Cannon x2  
  132  8:36  Shield Battery  
  132  8:37  Zealot x2  
  132  8:38  Zealot  
  136  8:47  High Templar x3  
  142  8:50  Zealot, Photon Cannon  
  142  8:51  Photon Cannon  
  142  8:52  Shield Battery  
  137  9:10  Zealot x3  
  137  9:15  Zealot  
  149  9:24  High Templar x2, Zealot, Observer  
  149  9:26  Probe x2  
  149  9:31  Assimilator  
  157  9:33  Pylon  
  157  9:37  Assimilator  
  155  9:42  Zealot x4  
  155  9:47  Archon  
  155  9:50  Zealot  
Show
View Real Time Build Order
Export as new Build Order

Silky Zerg 

Build Orders: Hatch First 

Get SALT Encoding   

  12  0:00  Drone  
  13  0:12  Overlord  
  13  0:17  Drone  
  14  0:30  Drone x2  
  16  0:48  Hatchery  
  15  0:51  Drone  
  15  0:54  Drone  
  17  0:58  Drone  
  18  1:08  Extractor  
  17  1:14  Spawning Pool  
  17  1:16  Drone  
  17  1:20  Drone  
  18  1:27  Drone  
  19  1:39  Drone  
  20  1:47  Hatchery  
  20  1:50  Drone  
  20  1:59  Drone x2  
  22  2:06  Queen  
  24  2:13  Metabolic Boost  
  24  2:16  Drone  
  24  2:19  Drone  
  26  2:23  Overlord  
  26  2:26  Drone  
  27  2:31  Drone  
  28  2:41  Queen  
  28  2:43  Zergling x6  
  33  2:53  Overlord  
  33  2:55  Drone  
  34  2:59  Drone, Queen  
  34  3:05  Queen  
  37  3:12  Drone x3  
  42  3:21  Spore Crawler  
  42  3:22  Spore Crawler x2  
  42  3:25  Drone x2  
  41  3:29  Drone  
  41  3:34  Overlord  
  42  3:36  Overlord  
  41  3:51  Overlord  
  41  3:52  Drone x4  
  41  3:53  Drone x2  
  47  4:01  Drone x4  
  51  4:06  Roach Warren  
  50  4:10  Queen  
  52  4:17  Drone x4  
  52  4:19  Extractor x2  
  54  4:25  Lair  
  54  4:27  Overlord  
  54  4:36  Drone x3  
  57  4:42  Drone x2  
  57  4:46  Roach x5  
  69  4:52  Roach  
  69  4:53  Roach x2  
  69  4:56  Drone  
  69  4:58  Drone  
  69  4:59  Overlord  
  73  5:03  Evolution Chamber  
  73  5:04  Drone  
  73  5:10  Drone  
  74  5:15  Overlord  
  74  5:19  Roach  
  74  5:20  Roach x3  
  82  5:23  Glial Reconstitution  
  82  5:25  Overlord x2  
  82  5:31  Zerg Missile Weapons Level 1  
  82  5:35  Zergling x12  
  87  5:36  Zergling x2  
  87  5:42  Zergling x2  
  90  5:43  Overlord  
  90  5:45  Drone x2  
  90  5:49  Drone x2  
  94  5:53  Zergling x6  
  94  5:54  Zergling x2  
  98  6:00  Overlord  
  102  6:07  Drone x3, Ravager  
  102  6:09  Ravager  
  101  6:12  Drone x3  
  101  6:17  Drone x3  
  95  6:21  Drone x2  
  95  6:24  Drone x3  
  88  6:28  Drone  
  88  6:30  Extractor  
  82  6:34  Hatchery  
  82  6:35  Drone x2  
  82  6:36  Drone  
  82  6:39  Extractor  
  81  6:40  Roach x4  
  81  6:44  Roach  
  81  6:46  Hydralisk Den  
  90  6:47  Roach  
  92  6:55  Extractor  
  92  6:56  Roach x2  
  95  7:01  Overlord  
  95  7:02  Roach x3  
  95  7:07  Roach x4  
  109  7:10  Roach  
  109  7:11  Roach x2  
  115  7:17  Roach  
  115  7:22  Roach x2  
  121  7:28  Zerg Missile Weapons Level 2  
  121  7:29  Muscular Augments, Drone x2  
  123  7:35  Hydralisk x2, Hatchery  
  126  7:39  Drone, Overlord  
  126  7:40  Drone x2  
  126  7:41  Lurker Den  
  128  7:45  Overlord  
  128  7:50  Overlord  
  128  7:54  Hydralisk  
  128  7:58  Hydralisk  
  128  7:59  Hydralisk x3  
  128  8:04  Hydralisk  
  138  8:10  Hydralisk x2  
  142  8:22  Hydralisk x6  
  142  8:27  Overlord x2  
  154  8:28  Extractor, Overlord  
  154  8:33  Overlord  
  152  8:38  Drone x3  
  152  8:40  Infestation Pit  
  152  8:41  Hydralisk  
  152  8:45  Overlord  
  152  8:46  Drone x3  
  157  8:50  Drone x4  
  157  8:51  Drone  
  157  8:53  Hydralisk x3  
  149  9:11  Drone  
  149  9:12  Drone  
  149  9:14  Roach x6  
  156  9:18  Hydralisk  
  156  9:24  Hatchery  
  156  9:26  Lurker x2  
  156  9:28  Drone x2  
  156  9:29  Extractor  
  156  9:30  Spore Crawler  
  156  9:31  Lurker  
Tags
 
Add a new tag
Caveats
  • Supply blocks, unpowered buildings, or Contaminate may cause inaccurate times.
  • Supply counts are checked every 10 seconds.